 Dungeon Crawl Stone Soup version 0.16-a0-3749-g20dbed2 (webtiles) character file.

98 haldagan the Skirmisher (level 4, -1/35 HPs)
             Began as a Mummy Chaos Knight on Jan 23, 2015.
             Was a Plaything of Xom.
             Slain by Ganepirr the merfolk
             ... wielding a +2 trident of protection
             ... created by the player character
              (5 damage)
             ... on level 3 of the Dungeon.
             The game lasted 00:04:20 (2102 turns).

haldagan the Skirmisher (Mummy Chaos Knight)        Turns: 2102, Time: 00:04:21

Health: -1/35      AC: 12    Str: 15      XL:     4   Next: 43%
Magic:  0/4        EV:  7    Int: 10 (11) God:    Xom [*.....]
Gold:   187        SH:  0    Dex: 11 (12) Spells: 0 memorised, 3 levels left

rFire  x . .     SeeInvis .     a - +0 spear (chaos)
rCold  + . .     Clarity  .     e - +0 chain mail
rNeg   + + +     SustAb   .     (no shield)
rPois  ∞         Gourm    .     g - +2 helmet
rElec  .         Spirit   .     (no cloak)
rCorr  .         Warding  .     (no gloves)
rMut   .         Stasis   .     (no boots)
MR     .....                    (no amulet)
Stlth  ..........               (no ring)
                                (no ring)

@: not resistant to hostile enchantments, extremely unstealthy
A: no food or potions, fire vulnerability, restore body, cold resistance 1,
negative energy resistance 3, poison resistance, torment resistance, unbreathing
a: Renounce Religion


You were on level 3 of the Dungeon.
You worshipped Xom.
You were a special plaything of Xom.
You were not hungry.

You visited 1 branch of the dungeon, and saw 3 of its levels.

You collected 215 gold pieces.

Inventory:

Hand weapons
 a - a +0 spear of chaos (weapon)
Armour
 b - a +2 leather armour
 e - a +0 chain mail (worn)
 g - a +2 helmet (worn)
Scrolls
 c - a scroll of fear
 d - a scroll of remove curse {unknown}
 h - a scroll of enchant weapon {unknown}
 i - 2 scrolls of identify {unknown}
 j - a scroll of magic mapping
Miscellaneous
 f - a plain deck of wonders {drawn: 6}


   Skills:
 + Level 3.4 Fighting
 * Level 3.1 Polearms
 * Level 2.5 Armour
 + Level 1.7 Dodging


You had 3 spell levels left.
You didn't know any spells.

Dungeon Overview and Level Annotations

Branches:
Dungeon (3/15)

Altars:
Nemelex Xobeh


Innate Abilities, Weirdness & Mutations

You do not eat or drink.
Your flesh is vulnerable to fire.
Your flesh is cold resistant.
You are immune to negative energy.
Your system is resistant to poisons.
You are immune to unholy pain and torment.
You can survive without breathing.


Message History

Ganepirr hits you from afar with a trident of protection.
* * * LOW HITPOINT WARNING * * *
The tengu hits you but does no damage. The tengu pecks you but does no damage.
The tengu claws you but does no damage.
Unknown command.
Unknown command.
Unknown command.
The tengu hits you but does no damage. The tengu pecks you but does no damage.
The tengu claws you but does no damage.
Xom's attention turns to you for a moment.
You lose your focus.
You suddenly feel drained of magical energy!
You are confused.
You feel less confused. The tengu hits you.
* * * LOW HITPOINT WARNING * * *
The tengu barely misses you. The tengu claws you but does no damage.
Ganepirr hits you from afar with a trident of protection.
You die...
Xom thinks this is hilarious!

.......#)# #.#(......# ..........
###((..(.)#######.# ......#.#.
#.......)........# ## +#+#.....
+.......#.#####.. .# #.#.#.#
#.......#.# .# #.# #(..N..##.# .+
#.# # ##m.......# .#####.#
#.##Q......#######.# #......#
#..@................
#+###..############.....#######..
........................'..#
......#####.............##.#
......#...#............## #
#.###.#...#........###.# #.#
#.#...#.......<..#.# ...
..#...#........#.#.#
#.#####...#........#.#.#


You could see Ganepirr the merfolk, Treyhec the naga and a tengu.

Vanquished Creatures
  Robin (D:1)
  An adder (D:2)
  A worm (D:2)
  A giant gecko (D:3)
  6 orcs (D:3)
  9 hobgoblins
  A ball python (D:3)
  4 bats
  3 giant cockroaches
  6 giant newts
  14 goblins
  10 kobolds
  6 rats
63 creatures vanquished.

Vanquished Creatures (collateral kills)
  2 goblins (D:1)
2 creatures vanquished.

Vanquished Creatures (others)
  A goblin zombie (D:1)
1 creature vanquished.

Grand Total: 66 creatures vanquished

Notes
Turn   | Place    | Note
--------------------------------------------------------------
     0 | D:1      | haldagan, the Mummy Chaos Knight, began the quest for the Orb.
     0 | D:1      | Reached XP level 1. HP: 18/18 MP: 1/1
     1 | D:1      | Noticed an elf zombie
     3 | D:1      | Noticed an elf zombie
     3 | D:1      | Noticed a human zombie
     6 | D:1      | Noticed a merfolk zombie
     7 | D:1      | Noticed an octopode zombie
    10 | D:1      | Noticed a minotaur zombie
    12 | D:1      | Noticed a formicid zombie
   127 | D:1      | XOM: harmless Hex miscast
   201 | D:1      | Reached skill level 1 in Dodging
   345 | D:1      | Reached XP level 2. HP: 24/24 MP: 2/2
   346 | D:1      | Found a sparkling altar of Nemelex Xobeh.
   571 | D:2      | Noticed Robin
   573 | D:1      | XOM: enchant monster (bad)
   641 | D:1      | Killed Robin
   641 | D:1      | Reached XP level 3. HP: 25/29 MP: 3/3
   839 | D:2      | XOM: swap monsters
  1378 | D:2      | XOM: mild Hex miscast
  1450 | D:2      | Reached XP level 4. HP: 35/35 MP: 4/4
  1815 | D:3      | XOM: stat loss: -1 Int (10/11)
  2075 | D:3      | Noticed a centaur
  2085 | D:3      | Noticed a tengu
  2085 | D:3      | a centaur changed into a tengu
  2085 | D:3      | XOM: polymorph centaur -> tengu
  2086 | D:3      | XOM: mild Tloc miscast
  2091 | D:3      | Noticed Ganepirr
  2096 | D:3      | Noticed Treyhec
  2101 | D:3      | XOM: medium Divn miscast
  2102 | D:3      | Slain by Ganepirr the merfolk

Action                   |  1- 3 |  4- 6 || total
-------------------------+-------+-------++-------
Melee: Spear             |   149 |    66 ||   215
Evoke: Deck              |       |     6 ||     6
  Use: Scroll            |       |     2 ||     2
 Stab: Paralysed         |     3 |       ||     3
       Confused          |       |     1 ||     1
